 Dungeon Crawl Stone Soup version 0.31.0-1-g2c135a0 (webtiles) character file.

Game seed: 356511346805501883

3176 edsrzf the Slicer (level 9, -5/39 HPs)
             Began as a Spriggan Alchemist on Jan 21, 2024.
             Slain by an orc warrior
             ... wielding a +0 halberd
              (13 damage)
             ... in a bailey on Jan 22, 2024.
             The game lasted 00:28:03 (7438 turns).

edsrzf the Slicer (Spriggan Alchemist)              Turns: 7438, Time: 00:28:03

Health: -5/39      AC:  3    Str:  4    XL:     9   Next: 63%
Magic:  2/21       EV: 17    Int: 19    God:
Gold:   191        SH:  0    Dex: 17    Spells: 19/23 levels left

rFire   + . .        a - +0 short sword (elec)
rCold   x . .        (no shield)
rNeg    . . .        c - +0 robe
rPois   .            (helmet restricted)
rElec   .            w - +0 cloak
rCorr   .            (gloves unavailable)
SInv    +            (boots unavailable)
Will    +....        x - amulet of regeneration
Stlth   ++           t - ring "Iwonwae" {Fire Slay+5}
HPRegen 1.06/turn    y - +4 ring of slaying
MPRegen 0.17/turn

%: no passive effects
@: very quick
A: very small, no large weapons, unfitting armour, see invisible, speed 3
a: no special abilities


You were in a bailey.
You visited 1 branch of the dungeon, and saw 7 of its levels.
You also visited: Bailey.

You collected 191 gold pieces.

Inventory:

Hand Weapons
 a - a +0 short sword of electrocution (weapon)
Missiles
 f - 6 poisoned darts
 k - 2 throwing nets {=f}
Armour
 c - a +0 robe (worn)
 w - a +0 cloak (worn)
Jewellery
 t - the ring "Iwonwae" (left hand) {Fire Slay+5}
   (You found it on level 4 of the Dungeon)

   [ring of fire]

   Fire:      It enhances your fire magic.
   Slay+5:    It affects your accuracy & damage with ranged weapons and melee
   (+5).
   rF+:       It protects you from fire.
   rC-:       It makes you vulnerable to cold.
 x - an amulet of regeneration (around neck)
 y - a +4 ring of slaying (right hand)
Wands
 q - a wand of roots (21)
 u - a wand of paralysis (14)
Scrolls
 e - 2 scrolls of teleportation
 g - 3 scrolls of noise
 v - a scroll of poison {unknown}
 A - a scroll of immolation {unknown}
Potions
 b - a potion of magic
 j - a potion of degeneration {unknown}
 l - 2 potions of brilliance
 n - 4 potions of curing
 r - 2 potions of attraction
 s - a potion of invisibility
 z - a potion of mutation {!q}


   Skills:
 + Level 9.8 Short Blades
 - Level 2.6 Dodging
 - Level 3.0 Stealth
 - Level 7.5 Spellcasting
 - Level 3.0 Conjurations
 - Level 3.3 Air Magic
 - Level 7.3 Alchemy


You had 19 spell levels left.
You knew the following spells:

 Your Spells              Type           Power      Damage    Failure   Level
C - Mephitic Cloud        Conj/Alch/Air  24%        N/A       4%          3
X - Sting                 Conj/Alch      100%       1d9       1%          1

Your spell library contained the following spells:

 Spells                   Type           Power      Damage    Failure   Level
 Mercury Vapours          Alch/Air       54%        N/A       1%          2
 Kiss of Death            Conj/Necr      52%        2d9       4%          1
 Olgreb's Toxic Radiance  Alch           34%        N/A       4%          4
 Sticky Flame             Fire/Alch      31%        2d7       22%         4
 Confusing Touch          Hex            7%         N/A       28%         3
 Dispel Undead            Necr           7%         3d8       67%         4


Dungeon Overview and Level Annotations

Branches:
Dungeon (7/15)             Temple (0/1) D:7          Bailey (1/1)

Altars:

Shops:
D:1 :

Annotations:
D:4 1 runed translucent door, Edmund; zhionzacheriah's ghost, amateur TrBe
D:5 Grinder


Innate Abilities, Weirdness & Mutations

You are very small and have problems with some larger weapons.
You are too small for most types of armour.
You have supernaturally acute eyesight. (SInv)
You cover ground extremely quickly. (Speed+++)


Message History

The orc warrior seems less confused.
The orc warrior hits you from afar with a +0 glaive!
Casting: Mephitic Cloud (dangerous; 4% risk of failure)
Confirm with . or Enter, or press ? or * to list all spells.
Aiming: Mephitic Cloud (dangerous; 4% risk of failure)
Press: ? - help, Shift-Dir - straight line, f/p - orc warrior
Aim: an orc warrior, wielding a +0 glaive and wearing a +0 plate armour (chance to affect: 81%)
The ball explodes into a vile cloud!
The stinking cloud engulfs the orc warrior.
You hear a shout! x2
The orc warrior is engulfed in noxious fumes.
The orc warrior appears confused.
Unknown command.
Unknown command.
The orc warrior is engulfed in noxious fumes.
The orc warrior appears confused.
Your magical contamination has completely faded away.
You hit the orc warrior but do no damage.
You catch the helpless orc warrior completely off-guard!
You puncture the orc warrior!
Lightning courses through the orc warrior!
The orc warrior is almost dead.
The orc warrior gestures wildly.
The orc warrior is engulfed in noxious fumes.
The orc warrior appears confused.
The orc warrior barely misses you.
Unknown command.
You hit the orc warrior but do no damage.
The orc warrior is almost dead.
An orc warrior comes into view. It is wielding a +4 glaive.
You puncture the orc warrior!
You kill the orc warrior!
Your Short Blades skill increases to level 9!
Unknown command.
Casting: Mephitic Cloud (dangerous; 4% risk of failure)
Confirm with . or Enter, or press ? or * to list all spells.
Aiming: Mephitic Cloud (dangerous; 4% risk of failure)
Press: ? - help, Shift-Dir - straight line The ball explodes into a vile cloud!
The stinking cloud engulfs the orc. x2
You hear a shout! x2
The orc is engulfed in noxious fumes.
The orc appears confused.
The orc falls into the water!
The orc drowns.
You hear a splash. x2
Unknown command.
Casting: Mephitic Cloud (dangerous; 4% risk of failure)
Confirm with . or Enter, or press ? or * to list all spells.
Aiming: Mephitic Cloud (dangerous; 4% risk of failure)
Press: ? - help, Shift-Dir - straight line, f - orc warrior
Aim: an orc warrior, wielding a +0 glaive and wearing a +0 ring mail (noxious fumes, confused, chance to affect: 81%)
The ball explodes into a vile cloud!
The stinking cloud engulfs the orc warrior. x2
You hear a shout!
The orc warrior is engulfed in noxious fumes.
The orc warrior appears confused.
The orc warrior falls into the water!
The orc warrior drowns.
You hear a splash. x2
The orc warrior is engulfed in noxious fumes.
Unknown command.
Unknown command.
An orc warrior comes into view. It is wielding a +0 trident.
The orc warrior gestures wildly.
The orc warrior falls into the water!
The orc warrior drowns.
You hear a splash. x2
An orc comes into view. It is wielding a +0 halberd.
An orc comes into view. It is wielding a +0 trident.
The orc completely misses you.
You barely miss the orc. You closely miss the orc. You punch the orc.
You kill the orc!
Things that are here:
a +0 halberd; a +0 ring mail
Casting: Mephitic Cloud (dangerous; 4% risk of failure)
Confirm with . or Enter, or press ? or * to list all spells.
You don't have enough magic to cast this spell.
Unknown command.
Casting: Mephitic Cloud (dangerous; 4% risk of failure)
Confirm with . or Enter, or press ? or * to list all spells.
Aiming: Mephitic Cloud (dangerous; 4% risk of failure)
Press: ? - help, Shift-Dir - straight line The ball explodes into a vile cloud!
The stinking cloud engulfs the orc warrior.
The stinking cloud engulfs the orc.
You hear a shout! x2
The orc is engulfed in noxious fumes.
The orc appears confused.
The orc falls into the water!
The orc drowns.
You hear a splash. x2
The orc warrior is engulfed in noxious fumes.
The orc warrior appears confused.
The orc warrior falls into the water!
The orc warrior drowns.
You hear a splash. x2
Unknown command.
An orc comes into view. It is wielding a +0 halberd.
An orc warrior comes into view. It is wielding a +0 halberd.
The orc warrior hits you from afar with a +0 halberd!!
The orc warrior hits you from afar with a +0 halberd!
* * * LOW HITPOINT WARNING * * *
The orc warrior hits you from afar with a +0 halberd!
You die...

###........####..
.................
...........♣....
≈...#....#ooo♣♣♣
≈≈≈≈#....#≈≈≈≈≈♣♣#
≈≈≈ #....#≈≈≈≈≈≈≈#
≈≈ #..).#≈≈≈≈≈≈≈#
≈≈#....#≈≈≈≈≈≈≈#
..#....#.@..≈≈≈#
........o....)≈≈#
.♣♣.......♣.♣..♣#
.♣............♣♣
............###
#..........##
#..........#
#♣..∩..∩..♣#
♣........♣


You could see an orc warrior and 3 orcs.

Vanquished Creatures
  Pikel (D:4)
  Maggie (D:6)
  A sky beast (D:6)
  5 orc warriors (Bailey)
  An ice beast (D:5)
  A black bear (D:5)
  2 bullfrogs (D:7)
  2 gnoll sergeants
  2 scorpions
  3 killer bees
  2 bombardier beetles
  A quasit (D:6)
  A jelly (D:5)
  3 hounds
  9 orc priests
  Jessica (D:3)
  5 orc wizards
  Ijyb (D:3)
  4 iguanas
  16 gnolls
  3 adders
  7 shadow imps
  3 white imps (D:6)
  11 ufetubi
  2 dart slugs
  21 orcs
  6 endoplasms
  4 goblins (D:7)
  6 hobgoblins
  9 jackals (D:1)
  3 quokkas
  6 ball pythons
  2 bats (D:1)
  5 frilled lizards
  5 kobolds
  3 rats
158 creatures vanquished.

Notes
Turn   | Place    | Note
-------+----------+-------------------------------------------
     0 | D:1      | edsrzf the Spriggan Alchemist began the quest for the Orb.
     0 | D:1      | Reached XP level 1. HP: 9/9 MP: 5/5
   132 | D:1      | Reached skill level 1 in Conjurations
   203 | D:1      | Found Itanom's Book Shop.
   284 | D:1      | Reached skill level 3 in Spellcasting
   284 | D:1      | Reached XP level 2. HP: 13/13 MP: 1/7
   453 | D:1      | Found a faded altar of an unknown god.
  1117 | D:2      | Reached XP level 3. HP: 16/16 MP: 6/9
  1223 | D:2      | Reached skill level 4 in Alchemy
  1567 | D:2      | Identified the +1 leather armour of Narrow the Leaf
                  | {Slay+2}
  1859 | D:3      | Reached skill level 4 in Spellcasting
  1873 | D:3      | Reached XP level 4. HP: 9/21 MP: 3/11
  1966 | D:3      | Noticed Ijyb
  2581 | D:3      | Noticed Jessica
  2591 | D:3      | Killed Jessica
  2592 | D:3      | Reached skill level 5 in Alchemy
  2592 | D:3      | Reached XP level 5. HP: 24/24 MP: 7/13
  2822 | D:3      | Killed Ijyb
  2823 | D:3      | Reached skill level 5 in Spellcasting
  2930 | D:4      | Found a runed translucent door.
  2930 | D:4      | Noticed zhionzacheriah's ghost (amateur TrBe)
  3154 | D:4      | HP: 1/24 [orc priest/divine providence (12)]
  3171 | D:4      | Identified the ring "Iwonwae" {Fire Slay+5}
  3233 | D:4      | Identified 2 potions of curing
  3252 | D:4      | Reached XP level 6. HP: 23/28 MP: 4/15
  3533 | D:4      | Learned a level 3 spell: Mephitic Cloud
  3667 | D:4      | Noticed Edmund
  3758 | D:4      | Noticed Pikel
  3790 | D:4      | Killed Pikel
  3791 | D:4      | Reached skill level 7 in Spellcasting
  3791 | D:4      | Reached skill level 7 in Alchemy
  3791 | D:4      | Reached XP level 7. HP: 32/32 MP: 11/19
  4365 | D:5      | Entered Level 5 of the Dungeon
  4374 | D:5      | Reached skill level 1 in Air Magic
  4433 | D:5      | Noticed Grinder
  4490 | D:5      | Reached skill level 2 in Conjurations
  4495 | D:5      | Reached skill level 2 in Air Magic
  4495 | D:5      | Reached XP level 8. HP: 24/36 MP: 8/20
  5099 | D:5      | Reached skill level 3 in Conjurations
  5099 | D:5      | Reached skill level 3 in Air Magic
  5583 | D:6      | Noticed Maggie
  5587 | D:6      | Reached skill level 1 in Short Blades
  5707 | D:6      | Identified 4 scrolls of noise
  5708 | D:6      | Identified 3 scrolls of teleportation
  5709 | D:6      | Identified 3 scrolls of identify
  5709 | D:6      | Identified 2 potions of brilliance
  5725 | D:6      | Reached skill level 2 in Short Blades
  5933 | D:6      | Identified a potion of attraction
  5934 | D:6      | Identified a potion of invisibility
  5935 | D:6      | Identified a potion of mutation
  5971 | D:6      | Killed Maggie
  5972 | D:6      | Reached skill level 5 in Short Blades
  6187 | D:6      | Reached skill level 6 in Short Blades
  6280 | D:6      | Reached XP level 9. HP: 35/39 MP: 18/21
  6526 | D:6      | Reached skill level 7 in Short Blades
  7063 | D:7      | Identified 2 scrolls of blinking
  7150 | D:7      | Reached skill level 8 in Short Blades
  7178 | D:7      | Identified a scroll of amnesia
  7179 | D:7      | Identified a scroll of fear
  7180 | D:7      | Identified a scroll of summoning
  7181 | D:7      | Identified a scroll of fog
  7182 | D:7      | Identified a scroll of revelation
  7217 | D:7      | Found a flagged portal.
  7254 | Bailey   | Entered a bailey
  7409 | Bailey   | Reached skill level 9 in Short Blades
  7438 | Bailey   | Slain by an orc warrior

Illustrated notes

Levels and vault maps discovered:
D:1:      sevenhm_arrival_forest_fort_large_4, layout_rooms, serial_shops,
          nicolae_shop_real_fake_doors, ebering_ecumenical_altar_webs,
          minmay_misc_feat_plants, minmay_3d_cube
D:2:      layout_basic, kennysheep_small_spiral, minmay_misc_feat_hallway
D:3:      layout_rooms, fountainhead, kennysheep_jessica_study, uniq_ijyb
D:4:      layout_loops_corners, hellmonk_ghost_happy_afterlife,
          minmay_misc_feat_iff, uniq_edmund, uniq_pikel
D:5:      layout_basic, uniq_grinder
D:6:      layout_basic, serial_demonic, serial_demonic_d, serial_demonic_c,
          serial_demonic_f, serial_demonic_a, serial_demonic_d,
          serial_demonic_g, serial_demonic_d, serial_demonic_f, uniq_maggie
D:7:      layout_loops_ring, zin_academy, minmay_temple_entry_enclosed_plants,
          enter_bailey_5, minivault_11, st_stairs_5
Bailey:   bailey_polearm_elven_captive_hellmonk, bailey

Skill      XL: |  1  2  3  4  5  6  7  8  9 |
---------------+----------------------------+-----
Conjurations   | 1 2 3 |  3.0
Spellcasting   | 3 4 5 7 |  7.5
Alchemy        | 4 5 7 |  7.3
Air Magic      | 2 3 |  3.3
Short Blades   | 6 9 |  9.8
Dodging        | |  2.6
Stealth        | |  3.0

Action                     |  1- 3 |  4- 6 |  7- 9 || total
---------------------------+-------+-------+-------++-------
  Melee: Short sword       |     3 |     1 |   173 ||   177
         Punch             |       |       |     4 ||     4
   Cast: Sting             |    72 |    85 |   136 ||   293
         Mephitic Cloud    |       |       |    18 ||    18
  Evoke: Wand              |       |       |     2 ||     2
    Use: Potion            |       |     1 |     1 ||     2
         Scroll            |       |       |    13 ||    13
   Stab: Paralysed         |       |       |     3 ||     3
         Confused          |       |       |     8 ||     8
         Sleeping          |       |       |     2 ||     2
 Armour: Robe              |     5 |     3 |    81 ||    89
  Dodge: Dodged            |    21 |     9 |   154 ||   184
